 Dungeon Crawl Stone Soup version 0.31.0-11-ge490571c62 (webtiles) character file.

Game seed: 11330626040576977955

37 SmokeWeed the Caller (level 3, -3/19 HPs)
             Began as a Deep Elf Summoner on Feb 3, 2024.
             Slain by a gnoll
             ... wielding a +0 whip
              (5 damage)
             ... on level 1 of the Dungeon.
             The game lasted 00:03:24 (913 turns).

SmokeWeed the Caller (Deep Elf Summoner)             Turns: 913, Time: 00:03:24

Health: -3/19      AC:  4    Str:  5    XL:     3   Next: 21%
Magic:  4/10       EV: 12    Int: 19    God:
Gold:   65         SH:  0    Dex: 17    Spells: 6/9 levels left

rFire   . . .        m - +0 short sword
rCold   . . .        (no shield)
rNeg    . . .        d - +0 leather armour
rPois   .            (no helmet)
rElec   .            k - +0 cloak
rCorr   .            (no gloves)
SInv    .            (no boots)
Will    .....        (no amulet)
Stlth   ++           (no ring)
HPRegen 0.23/turn    (no ring)
MPRegen 0.12/turn

%: no passive effects
@: mighty
A: no striking features
a: no special abilities


You were on level 1 of the Dungeon.
You visited 1 branch of the dungeon, and saw 2 of its levels.

You collected 65 gold pieces.

Inventory:

Hand Weapons
 c - a +0 spear
 m - a +0 short sword (weapon)
Missiles
 i - 6 poisoned darts
Armour
 a - a +0 robe
 d - a +0 leather armour (worn)
 k - a +0 cloak (worn)
Jewellery
 h - a ring of positive energy
Scrolls
 e - 2 scrolls of identify {unknown}
 g - a scroll of enchant armour {unknown}
Potions
 b - a potion of magic
 j - a potion of attraction {unknown}
 l - a potion of heal wounds {unknown}


   Skills:
 - Level 0.1 Polearms
 + Level 0.4 Armour
 + Level 2.6 Dodging
 + Level 2.9 Stealth
 + Level 3.7 Spellcasting
 + Level 4.8 Summonings


You had 6 spell levels left.
You knew the following spells:

 Your Spells              Type           Power      Damage    Failure   Level
a - Summon Small Mammal   Summ           84%        N/A       3%          1
b - Call Imp              Summ           42%        N/A       4%          2

Your spell library contained the following spells:

 Spells                   Type           Power      Damage    Failure   Level
 Call Canine Familiar     Summ           21%        N/A       10%         3
 Summon Blazeheart Golem  Fire/Summ      12%        N/A       65%         4
 Summon Lightning Spire   Summ/Air       12%        N/A       65%         4


Dungeon Overview and Level Annotations

Branches:
Dungeon (2/15)

Altars:


Message History

The gnoll hits you with a +0 club.
Your quokka bites the gnoll but does no damage.
Your quokka closely misses the gnoll.
The gnoll misses you.
Your rat bites the gnoll.
Your quokka bites the gnoll.
The gnoll hits your quokka with a +0 spear.
Your quokka bites the gnoll but does no damage.
The gnoll attacks as it pursues you! The gnoll barely misses you.
The gnoll attacks as it pursues you! The gnoll hits you with a +0 club.
The gnoll hits your quokka with a +0 spear.
Your quokka dies!
Your quokka's corpse disappears in a puff of smoke!
There is a stone staircase leading up, spattered with blood here.
The gnoll barely misses you. The gnoll completely misses you.
Your rat barely misses the gnoll.
You climb upwards.
There is a stone staircase leading down here.
The gnoll closely misses you. The gnoll attacks as it pursues you!
The gnoll closely misses you. The gnoll attacks as it pursues you!
The gnoll hits you but does no damage. The gnoll attacks as it pursues you!
The gnoll misses you.
Casting: Summon Small Mammal (safe; 3% risk of failure)
Press: ? - help, Q - select action, (/) - cycle Dir - look around, f - activate The gnoll hits you with a +0 whip.
* * * LOW HITPOINT WARNING * * *
The gnoll attacks as it pursues you! The gnoll hits you with a +0 whip.
* * * LOW HITPOINT WARNING * * *
Your quokka bites the gnoll.
Your quokka bites the gnoll.
The gnoll barely misses your quokka.
It was a potion of might.
You feel very mighty all of a sudden.
Your quokka bites the gnoll.
The gnoll closely misses you.
The gnoll hits your quokka with a +0 club.
Your quokka dies!
Your quokka's corpse disappears in a puff of smoke!
You barely miss the gnoll.
The gnoll is severely wounded.
The gnoll hits you with a +0 whip.
You die...

..........+..........>#
####.######.....#####.#
..##.################.#
....................#.#
#.#...#.............#.#
#.###...#...........#.#
#.# #####...#########.#
#.# #.#)....#####.#
#'#######.#.#...@g§.#.#
.....#....#.#.#...#g#.#
.....#.)..#.#.##..#.#.#
.....#............#...#
........#.........#..##
#.....#.#........>...#
#.....#....#.#.#..#.####
#..........#.#.#.......##
########.#+#...#..#.....#


You could see 2 gnolls.

Vanquished Creatures
  2 ball pythons (D:1)
  2 endoplasms (D:1)
  2 hobgoblins (D:1)
  A bat (D:1)
7 creatures vanquished.

Vanquished Creatures (collateral kills)
  A gnoll (D:2)
  A ribbon worm (D:2)
  2 ball pythons
  A giant cockroach (D:2)
  A goblin (D:1)
  2 hobgoblins (D:1)
  A quokka (D:1)
  3 frilled lizards (D:1)
  3 kobolds
  A rat (D:1)
16 creatures vanquished.

Grand Total: 23 creatures vanquished

Notes
Turn   | Place    | Note
-------+----------+-------------------------------------------
     0 | D:1      | SmokeWeed the Deep Elf Summoner began the quest for the
                  | Orb.
     0 | D:1      | Reached XP level 1. HP: 10/10 MP: 6/6
   310 | D:1      | Reached XP level 2. HP: 12/15 MP: 6/8
   313 | D:1      | Learned a level 2 spell: Call Imp
   892 | D:2      | Reached XP level 3. HP: 13/19 MP: 3/10
   913 | D:1      | Slain by a gnoll

Illustrated notes

Levels and vault maps discovered:
D:1:      lightli_iron_boxes, layout_basic, corner_web_ring,
          minmay_misc_feat_secret_circle
D:2:      layout_rooms, serial_bayou_crossing, uniq_natasha

Action                     || total
---------------------------++-------
  Melee: Spear             ||    32
         Short sword       ||     4
   Cast: Summon Small Mamm ||    24
         Call Imp          ||     8
    Use: Potion            ||     1
   Stab: Sleeping          ||     2
 Armour: Leather armour    ||    29
  Dodge: Dodged            ||    19
